 Dungeon Crawl Stone Soup version 0.26.1-11-gd32895ea62 (webtiles) character file.

Game seed: 9499454476197001179

45 Zeld the Insei (level 3, 0/23 HPs)
             Began as an Octopode Transmuter on May 28, 2021.
             Slain by a worker ant (8 damage)
             ... on level 4 of the Dungeon.
             The game lasted 00:01:05 (1457 turns).

Zeld the Insei (Octopode Transmuter)                Turns: 1457, Time: 00:01:05

Health: 0/23       AC:  1    Str: 10    XL:     3   Next: 64%
Magic:  5/6        EV: 13    Int: 15    God:
Gold:   23         SH:  0    Dex: 12    Spells: 1/7 levels left

rFire    . . .     SeeInvis .     - Unarmed
rCold    . . .     Faith    .   (no shield)
rNeg     . . .     Spirit   .   (helmet currently unavailable)
rPois    .         Reflect  .   (no amulet)
rElec    .         Harm     .   (no ring)
rCorr    .         Rampage  .   (no ring)
Will     .....                  (no ring)
Stlth    ++........             (no ring)
HPRegen  0.07/turn              (no ring)
MPRegen  0.10/turn              (no ring)
                                (no ring)
                                (no ring)

@: lethally poisoned (0 -> -5), appendages (expiring)
A: almost no armour, stealthy swim, amphibious, 8 rings, constrict 8, tentacle
spike 3, camouflage 1, gelatinous body 1
a: End Transformation


You were on level 4 of the Dungeon.
One of your tentacles had a temporary spike.
You visited 1 branch of the dungeon, and saw 4 of its levels.

You collected 23 gold pieces.

Inventory:

Scrolls
 a - a scroll of remove curse {unknown}


   Skills:
 + Level 1.4 Fighting
 + Level 2.4 Dodging
 - Level 3.0 Unarmed Combat
 * Level 2.5 Spellcasting
 * Level 2.8 Transmutations


You had one spell level left.
You knew the following spells:

 Your Spells              Type           Power        Failure   Level
a - Beastly Appendage     Tmut           20%          7%          1
b - Wereblood             Tmut           10%          10%         2
c - Spider Form           Tmut/Pois      3%           34%         3

Your spell library contained the following spells:

 Spells                   Type           Power        Failure   Level
 Ice Form                 Ice/Tmut       6%           75%         4
 Blade Hands              Tmut           5%           88%         5


Dungeon Overview and Level Annotations

Branches:
Dungeon (4/15)
 Temple: D:4-7

Altars:
Dithmenos
Ru
Uskayaw
Zin
The Shining One


Innate Abilities, Weirdness & Mutations

You cannot wear most types of armour.
You are very stealthy in the water. (Stealth+)
You are amphibious.
You can wear up to eight rings at the same time.
You can use your tentacles to constrict eight enemies at once.
Your skin changes colour to match your surroundings (Stealth+).
Your rubbery body absorbs attacks. (AC +1, EV +1)
One of your tentacles bears a large vicious spike.


Message History

The worker ant bites you but does no damage.
You tentacle-slap the worker ant.
You squeeze the worker ant, but do no damage.
The worker ant is heavily wounded.
You constrict the worker ant. The worker ant bites you!
You release your grip on the worker ant.
The worker ant bites you! The worker ant completely misses you.
You tentacle-slap the worker ant. Your grab misses the worker ant.
Your tentacle spike misses the worker ant.
The worker ant is severely wounded.
The worker ant bites you.
You are poisoned.
The worker ant poisons you!
You are too injured to fight recklessly!
You are too injured to fight recklessly!
You tentacle-slap the worker ant but do no damage.
Your grab misses the worker ant.
The worker ant is severely wounded.
You feel sick. The worker ant bites you!
You die...

.. ... #.#
#########.##
......B@#..#
#######.#..# #.#..#
######.#..########..
#.......)...<.......
#.####.#............
#.##.##########
#.##.# #.##.#


You could see a worker ant.

Vanquished Creatures
  3 adders
  A worm (D:2)
  A dart slug (D:2)
  A leopard gecko (D:3)
  An orc (D:3)
  A goblin (D:3)
  A hobgoblin (D:1)
  A ball python (D:3)
  A frilled lizard (D:2)
  2 kobolds (D:3)
  3 rats
16 creatures vanquished.

Notes
Turn   | Place    | Note
-------+----------+-------------------------------------------
     0 | D:1      | Zeld the Octopode Transmuter began the quest for the Orb.
     0 | D:1      | Reached XP level 1. HP: 13/13 MP: 3/3
    88 | D:2      | Reached XP level 2. HP: 17/18 MP: 3/5
    91 | D:2      | Learned a level 2 spell: Wereblood
    95 | D:2      | Found a glowing silver altar of Zin.
    95 | D:2      | Found a glowing golden altar of the Shining One.
   107 | D:2      | Found a hide-covered altar of Uskayaw.
   122 | D:2      | Found a shadowy altar of Dithmenos.
   229 | D:2      | Found a sacrificial altar of Ru.
   315 | D:3      | Reached XP level 3. HP: 11/23 MP: 4/6
   319 | D:3      | Learned a level 3 spell: Spider Form
  1093 | D:3      | HP: 1/23 [goblin (2)]
  1457 | D:4      | Slain by a worker ant

Illustrated notes

Levels and vault maps discovered:
D:1:      heliophobic_arrival_enchanted_forest, layout_basic
D:2:      layout_basic, marbit_many_paths, lemuel_crystal_altar,
          chequers_temple_overflow_statue_of_worship,
          chequers_ecumenical_altar_twisty, uniq_robin
D:3:      layout_loops_corners, kennysheep_generic_room_15
D:4:      layout_loops_ring, serial_shops, shop, minmay_rat_hole

Action                   || total
-------------------------++-------
Melee: Unarmed           ||    45
       Kick              ||     7
       Constrict         ||     9
       Tentacles         ||     5
       Punch             ||     2
 Cast: Beastly Appendage ||    13
 Stab: Sleeping          ||     2
Armor: Skin              ||     1
Dodge: Dodged            ||    31
